 Dungeon Crawl Stone Soup version 0.29-a0-284-gf9362112df (webtiles) character file.

Game seed: 781457967119908344

10056 testman the Zephyrmancer (level 11, -5/71 HPs)
             Began as a Tengu Air Elementalist on Mar 14, 2022.
             Was an Elder of Ashenzari.
             Slain by a sixfirhy (9 damage)
             ... summoned by a kobold demonologist
             ... on level 11 of the Dungeon.
             The game lasted 01:07:17 (12601 turns).

testman the Zephyrmancer (Tengu Air Elementalist)  Turns: 12601, Time: 01:07:18

Health: -5/71      AC:  5    Str:  8    XL:     11   Next: 56%
Magic:  12/26      EV: 20    Int: 20    God:    Ashenzari [****..]
Gold:   341        SH:  0    Dex: 17    Spells: 21/31 levels left

rFire   . . .      SeeInvis +   A - +6 whip "Sybil of Ashenzari" {vorpal, Dex+2, Cun, Alch} (curse)
rCold   . . .      Faith    .   (no shield)
rNeg    . . .      Spirit   .   D - +1 robe "Share My Annoyance" {Rampage Regen+ Stlth+, Elem, Evo} (curse)
rPois   .          Reflect  .   (helmet restricted)
rElec   .          Harm     .   K - +0 cloak of Ashenzari's Gnosis {Comp, Evo} (curse)
rCorr   .          Rampage  +   P - +0 pair of gloves "Revealing Urgency" {Fort, Evo} (curse)
Will    +....      Clarity  +   (boots unavailable)
Stlth   ++++......              E - amulet "I Foresaw This" {Regen+, Comp, Range} (curse)
HPRegen 1.81/turn               J - ring of the Distant Sage {Will+, Self, Bglg} (curse)
MPRegen 0.20/turn               (no ring)

@: flying quickly and evasively, studying Crossbows, quick
A: beak, talons 3, nimble flight
a: Renounce Religion, Shatter the Chains


You were on level 11 of the Dungeon.
You worshipped Ashenzari.
Ashenzari was greatly pleased with you.
You visited 1 branch of the dungeon, and saw 11 of its levels.

You collected 565 gold pieces.
You spent 224 gold pieces at shops.

Inventory:

Hand Weapons
 p - a +2 dagger of flaming
 q - a +0 hunting sling
 z - a +0 quarterstaff
 A - the cursed +6 whip "Sybil of Ashenzari" (weapon) {vorpal, Dex+2, Cun, Alch}
   (You found it on level 4 of the Dungeon)

   It inflicts extra damage upon your enemies.
   Dex:       It affects your dexterity (+2).
   It has a curse which improves the following skills: Cunning: Dodging and
   Stealth.
   Alchemy:   Poison Magic and Transmutations.
 I - a +0 hand crossbow
 S - the +6 triple sword "Cuacaph" {freeze, rF+++ Will+ Str+5 Stlth-}
   (You found it on level 9 of the Dungeon)

   It freezes those it strikes, dealing additional cold damage.
   It can also slow down cold-blooded creatures.
   Str:       It affects your strength (+5).
   rF:        It renders you almost immune to fire.
   Will:      It increases your willpower.
   Stlth:     It makes you less stealthy.
Missiles
 e - 158 stones
 t - 18 poisoned darts
 F - 6 atropa-tipped darts
 H - a curare-tipped dart
 O - a boomerang
Armour
 D - the cursed +1 robe "Share My Annoyance" (worn) {Rampage Regen+ Stlth+, Elem, Evo}
   (You found it on level 5 of the Dungeon)

   Regen:     It increases your rate of health regeneration.
   Rampage:   It bestows one free step when moving towards enemies.
   Stlth:     It makes you more stealthy.
   It has a curse which improves the following skills: Elements: Fire Magic, Ice
   Magic, Air Magic and Earth Magic.
   Evocations: Evocations.
 G - a +1 ring mail of willpower
 K - the cursed +0 cloak of Ashenzari's Gnosis (worn) {Comp, Evo}
   (You found it on level 8 of the Dungeon)

   It has a curse which improves the following skills: Companions: Summonings
   and Necromancy.
   Evocations: Evocations.
 P - the cursed +0 pair of gloves "Revealing Urgency" (worn) {Fort, Evo}
   (You found it on level 9 of the Dungeon)

   It has a curse which improves the following skills: Fortitude: Armour and
   Shields.
   Evocations: Evocations.
Magical Staves
 l - a staff of conjuration
Jewellery
 y - a ring of fire
 E - the cursed amulet "I Foresaw This" (around neck) {Regen+, Comp, Range}
   (You found it on level 5 of the Dungeon)

   [amulet of regeneration]

   Regen:     It increases your rate of health regeneration.
   It has a curse which improves the following skills: Companions: Summonings
   and Necromancy.
   Ranged Combat: Slings, Bows, Crossbows and Throwing.
 J - the cursed ring of the Distant Sage (left hand) {Will+, Self, Bglg}
   (You found it on level 11 of the Dungeon)

   [ring of willpower]

   Will:      It increases your willpower.
   It has a curse which improves the following skills: Introspection: Fighting
   and Spellcasting.
   Beguiling: Conjurations, Hexes and Translocations.
Wands
 a - a wand of iceblast (4)
 C - a wand of mindburst (28)
 N - a wand of flame (34)
 R - a wand of acid (4)
 T - a wand of paralysis (4)
Scrolls
 d - 9 scrolls of identify
 f - 2 scrolls of silence
 h - 4 scrolls of amnesia
 j - a scroll of summoning
 k - a scroll of magic mapping
 o - 6 scrolls of teleportation
 r - a scroll of torment
 v - a scroll of immolation
 B - a scroll of fear
 L - a scroll of fog
 Q - a scroll of enchant weapon
 U - a scroll of holy word
Potions
 b - 2 potions of magic
 c - 3 potions of flight
 g - a potion of brilliance
 i - a potion of ambrosia
 m - 2 potions of mutation
 n - 2 potions of heal wounds
 s - 2 potions of curing
 u - 4 potions of degeneration
 w - 3 potions of attraction
 x - 2 potions of might
 M - a potion of lignification
 V - a potion of resistance
 W - a potion of invisibility


   Skills:
 + Level 7.1(9.2) Fighting
 - Level 6.6(8.6) Dodging
 - Level 2.0(3.5) Stealth
 + Level 8.5(10.5) Spellcasting
 + Level 10.1(12.0) Conjurations
 + Level 12.2(14.1) Air Magic
 + Level 4.1(7.6) Evocations


You had 21 spell levels left.
You knew the following spells:

 Your Spells              Type           Power      Damage    Failure   Level
a - Shock                 Conj/Air       100%       1d9       1%          1
b - Static Discharge      Conj/Air       58%        N/A       1%          2
c - Swiftness             Air            61%        N/A       1%          3
d - Airstrike             Air            30%        N/A       1%          4

Your spell library contained the following spells:

 Spells                   Type           Power      Damage    Failure   Level
 Stone Arrow              Conj/Erth      70%        3d11      1%          3
 Call Canine Familiar     Summ           12%        N/A       17%         3
 Ozocubu's Armour         Ice            11%        N/A       19%         3
 Portal Projectile        Hex/Tloc       22%        N/A       19%         3
 Animate Armour           Summ/Erth      22%        N/A       50%         4
 Leda's Liquefaction      Hex/Erth       5%         N/A       52%         4
 Metabolic Englaciation   Hex/Ice        5%         N/A       86%         5
 Simulacrum               Ice/Necr       5%         N/A       100%        6
 Lehudib's Crystal Spear  Conj/Erth      17%        10d5      100%        8


Dungeon Overview and Level Annotations

Branches:
Dungeon (11/15)            Temple (0/1) D:6            Lair (0/6) D:11
    Orc (0/2) D:11

Altars:
Ashenzari
Cheibriados
Dithmenos
Elyvilon
Fedhas
Hepliaklqana
Makhleb
Ru
Uskayaw
Vehumet
Xom
Zin
The Shining One

Shops:
D:3 !   D:8 (=

Annotations:
D:5 3 runed translucent doors, Cecur's ghost, novice FoFi; IdlyInterested's ghost, amateur DsGl; SirDiesAlot's ghost, novice DEEE; spaghetti's ghost, novice OpCK; spaghetti's ghost, weakling OgDe


Innate Abilities, Weirdness & Mutations

You have a beak for a mouth.
You have claws for feet.
Your magical nature lets you fly swiftly and evasively.


Message History

The kobold demonologist hits you with a +0 dagger.
The quasit bites you but does no damage.
The quasit barely misses you. The quasit closely misses you.
The sixfirhy hits you!
* * * LOW HITPOINT WARNING * * *
The sixfirhy shocks you!
* * * LOW HITPOINT WARNING * * *
As you read the scroll of fear, it crumbles to dust.
You assume a fearsome visage.
The quasit looks frightened!
The kobold demonologist looks frightened! x2
The kobold brigand looks frightened!
The sixfirhy looks frightened!
The ice devil looks frightened!
The shadow imp looks frightened!
The quasit looks frightened!
The kobold demonologist looks frightened!
The ufetubus looks frightened!
The white imp looks frightened!
The ufetubus looks frightened! x2; Cornered, the sixfirhy turns to fight!
Aiming: Shock (safe; 1% risk of failure)
Press: ? - help, Q - select action, (/) - cycle Shift-Dir - straight line, f - kobold demonologist, p - kobold brigand
Aim: a kobold demonologist, wielding a +0 dagger and wearing a +0 robe (heavily wounded, fleeing, 64% to hit)
The zap misses the kobold demonologist.
The zap hits the kobold demonologist.
The kobold demonologist is severely wounded.
Your attack snaps the kobold demonologist out of its fear.
The zap hits the kobold brigand!
The kobold brigand is severely wounded.
Your attack snaps the kobold brigand out of its fear.
Unknown command.
Aiming: Shock (safe; 1% risk of failure)
Press: ? - help, Q - select action, (/) - cycle Shift-Dir - straight line, f - kobold brigand, p - kobold demonologist
Aim: a kobold brigand, wielding a +0 dagger and quivering poisoned darts (severely wounded, fleeing, 67% to hit)
The zap hits the kobold demonologist.
The kobold demonologist is almost dead.
Your attack snaps the kobold demonologist out of its fear.
The zap hits the kobold demonologist.
The kobold demonologist is severely wounded.
The zap hits the kobold brigand.
The kobold brigand is almost dead.
Cornered, the ufetubus turns to fight!
The sixfirhy hits you!
* * * LOW HITPOINT WARNING * * *
The sixfirhy shocks you!
You die...

.......#+#........#.{{{
* ..###.............#.,
{,8, ,* *
#.............#{, , '
,,*
#..........####.{,,, *
* #.....#########.,{{ *
#.............# , , *
#...#####..#### *
##########'######## *,*
,, *....5....@3..45#* ,
* .....5........5#,, ,
* , *....#######.5.5#,
, , ...


BBsss#)K.5# * * * * , .., +{{∆{{+,).5#, * , *. ,*{{{{{ K).#, ,* * , ,, * ,)K#,*
*, , ,,,,,, ,..# ,< * * ,, , ,, * , You could see an ice devil (summoned,
fleeing), 3 kobold demonologists, a sixfirhy (summoned), 2 quasits, 2 white
imps, a shadow imp (summoned, fleeing) and 3 ufetubi.

Vanquished Creatures
  A centaur warrior (D:10)
  Pikel (D:7)
  Joseph (D:7)
  An unseen horror (D:10)
  A kobold demonologist (D:10)
  3 trolls
  2 wraiths
  2 wyverns (D:7)
  20 yaks
  3 vampire mosquitoes (D:7)
  4 water moccasins
  A black bear (D:7)
  An ice beast (D:6)
  2 sky beasts
  4 orc warriors
  2 centaurs
  3 lemures (D:7)
  2 phantoms
  2 kobold brigands (D:8)
  4 bullfrogs
  2 necrophages
  5 scorpions
  3 wights
  6 killer bees (D:7)
  6 howler monkeys
  3 hounds (D:6)
  3 orc priests
  A gnoll shaman (D:6)
  A jelly (D:5)
  5 iguanas
  9 orc wizards
  Robin (D:3)
  6 gnolls
  6 adders
  4 worms
  10 orcs
  6 bats
  9 endoplasms
  2 giant cockroaches
  12 goblins
  12 hobgoblins
  3 jackals (D:2)
  5 quokkas
  6 ball pythons
  18 kobolds
  2 rats
206 creatures vanquished.

Notes
Turn   | Place    | Note
-------+----------+-------------------------------------------
     0 | D:1      | testman the Tengu Air Elementalist began the quest for the
                  | Orb.
     0 | D:1      | Reached XP level 1. HP: 10/10 MP: 4/4
   366 | D:1      | Reached XP level 2. HP: 15/15 MP: 1/6
   415 | D:1      | Learned a level 2 spell: Static Discharge
   670 | D:1      | Found a faded altar of an unknown god.
  1600 | D:2      | Reached XP level 3. HP: 19/19 MP: 5/7
  1604 | D:2      | Learned a level 3 spell: Swiftness
  2473 | D:3      | Identified the +0 helmet "Qadefaug" {rElec Int+2}
  2473 | D:3      | Noticed Robin
  2483 | D:3      | Reached XP level 4. HP: 10/24 MP: 1/9
  2497 | D:3      | Killed Robin
  2498 | D:3      | Reached skill level 5 in Air Magic
  2912 | D:3      | Noticed a necrophage
  3093 | D:3      | Found Woanuof's Distillery.
  3107 | D:3      | Bought a potion of attraction for 42 gold pieces
  3107 | D:3      | Bought a potion of flight for 42 gold pieces
  3107 | D:3      | Bought a potion of might for 56 gold pieces
  3107 | D:3      | Bought a potion of curing for 42 gold pieces
  3112 | D:3      | Bought a potion of curing for 42 gold pieces
  3176 | D:3      | Killed a necrophage
  3177 | D:3      | Gained mutation: Your magical nature lets you fly swiftly
                  | and evasively. [Tengu growth]
  3177 | D:3      | Reached XP level 5. HP: 6/28 MP: 5/11
  3640 | D:3      | Reached skill level 6 in Air Magic
  3645 | D:3      | Learned a level 4 spell: Airstrike
  4191 | D:4      | Reached XP level 6. HP: 32/32 MP: 6/13
  4467 | D:4      | Identified the +6 whip of the Bruised Planets {vorpal,
                  | Dex+2}
  4740 | D:4      | Found a hide-covered altar of Uskayaw.
  4794 | D:4      | Found a white marble altar of Elyvilon.
  5015 | D:5      | Entered Level 5 of the Dungeon
  5166 | D:5      | Found a broken altar of Ashenzari.
  5179 | D:5      | Reached skill level 7 in Air Magic
  5275 | D:5      | Found a burning altar of Makhleb.
  5276 | D:5      | Found a glowing golden altar of the Shining One.
  5300 | D:5      | Found a runed translucent gate.
  5301 | D:5      | Found a runed translucent gate.
  5302 | D:5      | Found a runed translucent gate.
  5303 | D:5      | Noticed Cecur's ghost (novice FoFi)
  5303 | D:5      | Noticed spaghetti's ghost (weakling OgDe)
  5303 | D:5      | Noticed SirDiesAlot's ghost (novice DEEE)
  5303 | D:5      | Noticed spaghetti's ghost (novice OpCK)
  5303 | D:5      | Noticed IdlyInterested's ghost (amateur DsGl)
  5310 | D:5      | Identified the +1 robe of Valour {Rampage Regen+ Stlth+}
  5412 | D:5      | Reached XP level 7. HP: 36/36 MP: 9/15
  5437 | D:5      | Became a worshipper of Ashenzari the Shackled
  5863 | D:6      | Reached skill level 5 in Spellcasting
  5920 | D:6      | Found a sacrificial altar of Ru.
  5920 | D:6      | Found a blossoming altar of Fedhas.
  5921 | D:6      | Found a snail-covered altar of Cheibriados.
  5933 | D:6      | Found a shadowy altar of Dithmenos.
  6078 | D:6      | Reached skill level 8 in Air Magic
  6118 | D:6      | Found a staircase to the Ecumenical Temple.
  6131 | D:6      | Reached skill level 1 in Fighting
  6223 | D:6      | Reached XP level 8. HP: 35/43 MP: 17/17
  6394 | D:6      | Found a hazy altar of Hepliaklqana.
  6395 | D:6      | Found a shimmering altar of Xom.
  6396 | D:6      | Noticed a spectral ugly thing
  6726 | D:6      | Noticed a troll
  6749 | D:6      | HP: 1/44 [troll (9)]
  6918 | D:6      | Reached skill level 5 in Conjurations
  7225 | D:6      | Killed a troll
  7226 | D:6      | Reached skill level 9 in Air Magic
  7528 | D:7      | Reached XP level 9. HP: 9/51 MP: 10/19
  7654 | D:7      | Found a radiant altar of Vehumet.
  7657 | D:7      | Found a glowing silver altar of Zin.
  7673 | D:7      | Reached skill level 5 in Dodging
  7835 | D:7      | Reached * piety under Ashenzari
  8108 | D:7      | Reached skill level 10 in Air Magic
  8496 | D:7      | Reached XP level 10. HP: 58/58 MP: 4/21
  8695 | D:7      | Noticed Joseph
  8709 | D:7      | Killed Joseph
  8710 | D:7      | Reached skill level 5 in Fighting
  8877 | D:8      | Noticed Pikel
  8888 | D:7      | Reached ** piety under Ashenzari
  8965 | D:7      | Killed Pikel
  9055 | D:8      | Found Giev's Antique Weapon Shoppe.
  9485 | D:8      | Found Uretocek's Jewellery Shop.
  9766 | D:9      | Reached *** piety under Ashenzari
  9857 | D:9      | Identified the +6 triple sword "Cuacaph" {freeze, rF+++
                  | Will+ Str+5 Stlth-}
 10118 | D:9      | Reached skill level 11 in Air Magic
 10180 | D:9      | Reached skill level 1 in Evocations
 10498 | D:10     | Entered Level 10 of the Dungeon
 10498 | D:10     | Noticed an unseen horror
 10502 | D:10     | Killed an unseen horror
 10865 | D:10     | Reached XP level 11. HP: 60/65 MP: 23/23
 11070 | D:10     | Noticed a six-headed hydra
 11238 | D:10     | Noticed a catoblepas
 11311 | D:10     | Noticed a boulder beetle
 11637 | D:10     | Noticed a white ugly thing
 11637 | D:10     | Noticed a seven-headed hydra
 11637 | D:10     | Noticed a centaur warrior
 11826 | D:10     | Noticed a centaur warrior
 11839 | D:10     | Noticed a cyclops
 11907 | D:10     | Killed a centaur warrior
 11908 | D:10     | Reached skill level 12 in Air Magic
 12208 | D:11     | Reached skill level 10 in Conjurations
 12420 | D:11     | Reached **** piety under Ashenzari
 12430 | D:11     | Noticed a manticore
 12523 | D:11     | Noticed a two-headed ogre
 12560 | D:11     | Found a staircase to the Orcish Mines.
 12594 | D:11     | Noticed a sixfirhy
 12601 | D:11     | Slain by a sixfirhy

Illustrated notes

Levels and vault maps discovered:
D:1:      saegor_arrival_simple_d, layout_loops_ring,
          hellmonk_ecumenical_altar_pennies_from_heaven,
          kennysheep_decorative_pillar
D:2:      layout_basic, minmay_pentomino_w2
D:3:      layout_basic, serial_rivers, chequers_serial_rivers_micro_d,
          chequers_serial_rivers_room_a, chequers_serial_rivers_room_a,
          chequers_serial_rivers_micro_c, serial_shops, shop_coins, uniq_robin
D:4:      layout_rooms, lemuel_coloured_pillars_altar, elyvilon_altar_4
D:5:      layout_rooms, gammafunk_temple_overflow_pools,
          nicolae_ashenzari_panopticon, gammafunk_ghost_cemetery
D:6:      layout_loops_corners, regret_index_temple_of_mockery,
          grunt_dithmenos_smoke_and_mirrors, gammafunk_temple_overflow_claw,
          minmay_temple_entry_slanted, minmay_manual_mail
D:7:      layout_basic, chequers_temple_overflow_statue_of_worship,
          minmay_misc_feat_alley, uniq_joseph
D:8:      layout_rooms, serial_shops, shop, nicolae_shop_advertising_works
          [nicolae_subvault_shop_adworks], hangedman_abyss_or_decor_stabs,
          dreamdust_princess_bridge, uniq_pikel
D:9:      layout_basic, kennysheep_nub
D:10:     minmay_the_grid_octo_2x2 [minmay_the_grid_octo_odd_swirl,
          minmay_the_grid_octo_77, minmay_the_grid_octo_chip,
          minmay_the_grid_octo_prize_big_c], layout_irregular_city
D:11:     lemuel_insect_pit, layout_basic, david_lair_shrubbed, david_orc_5

Skill      XL: |  1  2  3  4  5  6  7  8  9 10 11 |
---------------+----------------------------------+-----
Conjurations   | 2 3 4 5 7 9 10 | 10.1
Air Magic      | 5 6 7 8 9 10 11 12 | 12.2
Spellcasting   | 3 4 5 6 7 8 |  8.5
Fighting       | 1 3 4 6 7 |  7.1
Dodging        | 3 4 5 6 |  6.6
Evocations     | 2 4 |  4.1
Stealth        | |  2.0

Action                   |  1- 3 |  4- 6 |  7- 9 | 10-12 || total
-------------------------+-------+-------+-------+-------++-------
Melee: Unarmed           |     7 |       |       |       ||     7
       Peck              |     3 |     4 |     3 |    13 ||    23
       Kick              |     3 |     2 |     4 |    27 ||    36
       Spear             |     8 |     4 |       |       ||    12
       Staff             |     5 |     1 |       |       ||     6
       Whip              |       |    11 |    25 |    69 ||   105
       Punch             |       |       |     1 |     2 ||     3
Throw: Dart              |       |       |     1 |       ||     1
 Cast: Shock             |    60 |    95 |    88 |   102 ||   345
       Static Discharge  |     1 |     3 |    29 |    43 ||    76
       Airstrike         |       |       |    15 |    42 ||    57
       Swiftness         |       |       |     1 |     4 ||     5
Invok: Curse Item        |       |       |     2 |     4 ||     6
  Use: Potion            |       |       |     1 |     1 ||     2
       Scroll            |       |       |       |     3 ||     3
 Stab: Sleeping          |     1 |     1 |     1 |     3 ||     6
Armor: Robe              |     7 |     6 |     8 |    10 ||    31
Dodge: Dodged            |    23 |    13 |    71 |   121 ||   228

Table legend: (Time is in decaauts)
 A = Elapsed time spent in this place.
 B = Non-inter-level travel time spent in this place.
 C = Inter-level travel time spent in this place.
 D = Time resting spent in this place.
 E = Time spent auto-exploring this place.
 F = Levels seen in this place.
 G = Mean time per level.
                   A        B        C        D        E       F      G
               +--------+--------+--------+--------+--------+-----+--------+
         Total |  12120 |  11478 |    642 |   4052 |   5727 |  11 | 1101.8 |
       Dungeon |  12120 |  11478 |    642 |   4052 |   5727 |  11 | 1101.8 |
               +--------+--------+--------+--------+--------+-----+--------+

Top non-repeatable levels by time:
     D:3: 1628 daAuts
     D:6: 1618 daAuts
     D:2: 1476 daAuts
     D:7: 1373 daAuts
    D:10: 1302 daAuts
     D:9: 1043 daAuts
     D:1: 968 daAuts
     D:4: 845 daAuts
     D:5: 817 daAuts
     D:8: 598 daAuts
    D:11: 447 daAuts
